 Dungeon Crawl Stone Soup version 0.23.2-1-ga50397a (webtiles) character file.

Game seed: 16303826660917745856

7 TrebMcFLY the Caller (level 2, 0/19 HPs)
             Began as a Merfolk Summoner on May 18, 2019.
             Slain by a ball python (1 damage)
             ... on level 1 of the Dungeon.
             The game lasted 00:02:37 (562 turns).

TrebMcFLY the Caller (Merfolk Summoner)              Turns: 562, Time: 00:02:37

Health: 0/19       AC:  2    Str:  8    XL:     2   Next: 4%
Magic:  4/5        EV: 10    Int: 14    God:
Gold:   11         SH:  0    Dex: 14    Spells: 4/5 levels left

rFire    . . .     SeeInvis .   f - +0 spear
rCold    . . .     Gourm    +   (no shield)
rNeg     . . .     Faith    .   a - +0 robe
rPois    .         Spirit   .   (no helmet)
rElec    .         Reflect  .   (no cloak)
rCorr    .         Harm     .   (no gloves)
MR       .....                  (no boots)
Stlth    ++........             b - amulet of the gourmand
HPRegen  0.06/turn              (no ring)
MPRegen  0.09/turn              (no ring)

@: very slightly contaminated, constricted
A: change form in water, swift swim, stealthy swim
a: no special abilities


You were on level 1 of the Dungeon.
You were not hungry.

You visited 1 branch of the dungeon, and saw 1 of its levels.

You collected 11 gold pieces.

Inventory:

Hand Weapons
 f - a +0 spear (weapon)
Armour
 a - a +0 robe (worn)
Jewellery
 b - an amulet of the gourmand (around neck)
Scrolls
 d - 2 scrolls of amnesia {unknown}
Potions
 e - a potion of flight {unknown}
 g - a potion of magic {unknown}
 i - a potion of lignification {unknown}
Comestibles
 c - 3 rations
 h - a chunk of flesh


   Skills:
 - Level 2.6 Dodging
 - Level 2.1 Stealth
 + Level 2.1 Spellcasting
 * Level 4.3 Summonings


You had 4 spell levels left.
You knew the following spells:

 Your Spells              Type           Power        Failure   Level  Hunger
a - Summon Small Mammal   Summ           ##..         4%          1    #......

Your spell library contained the following spells:

 Spells                   Type           Power        Failure   Level  Hunger
 Call Imp                 Summ           ##......     6%          2    ###....
 Call Canine Familiar     Summ           ##......     12%         3    ###....
 Summon Guardian Golem    Hex/Summ       #.......     28%         3    ###....
 Summon Ice Beast         Ice/Summ       #.......     67%         4    #####..
 Summon Lightning Spire   Summ/Air       #.......     67%         4    #####..


Dungeon Overview and Level Annotations

Branches:
Dungeon (1/15)

Altars:


Message History

You are very lightly contaminated with residual magic.
Your brain hurts!
The frilled lizard unfolds its giant frill.
The frilled lizard bites you but does no damage.
The ball python closely misses you. x2
The ball python barely misses you. The ball python grabs you.
* * * LOW HITPOINT WARNING * * *
The ball python constricts you.
You escape the ball python's grasp.
Found 2 scrolls labeled WOWEULLOET.
Casting: Summon Small Mammal (safe; 4% risk of failure)
Confirm with . or Enter, or press ? or * to list all spells.
You miscast Summon Small Mammal.
Your head hurts.
The ball python barely misses you. The ball python grabs you.
* * * LOW HITPOINT WARNING * * *
The ball python constricts you.
You escape the ball python's grasp.
There is a stone staircase leading down here.
The ball python closely misses you. The ball python grabs you.
You die...

........#####....# #.
#.......).......# #.
#.####.#####.#..####.
####.#####.#.....#.
#.......##.#.....#. #
#.......##.......#.
#(#......÷####.....#.
#....................
###.@S)l..####.......
#........#.......##.
###.###..............#
... #†.###.#####.##.
###.###.## #.# ..... #
#.....## #?# .##.###
.. ####...# #.# #.# #.
#...# #.. ..# #. #...#
###


You could see a ball python and a frilled lizard.

Vanquished Creatures
  A giant cockroach (D:1)
  A hobgoblin (D:1)
  2 bats (D:1)
  A frilled lizard (D:1)
  A kobold (D:1)
  3 rats (D:1)
9 creatures vanquished.

Vanquished Creatures (collateral kills)
  A kobold (D:1)
1 creature vanquished.

Grand Total: 10 creatures vanquished

Notes
Turn   | Place    | Note
-------+----------+-------------------------------------------
     0 | D:1      | TrebMcFLY the Merfolk Summoner began the quest for the Orb.
     0 | D:1      | Reached XP level 1. HP: 13/13 MP: 3/3
   528 | D:1      | Reached XP level 2. HP: 19/19 MP: 5/5
   562 | D:1      | Slain by a ball python

Action                   || total
-------------------------++-------
Melee: Unarmed           ||    15
       Spear             ||    18
 Cast: Summon Small Mamm ||     3
  Eat: Chunk             ||     3
Armor: Robe              ||    17
Dodge: Dodged            ||    38
